AoeStats
← [KMNB] Bandeira

Oasis

507048574Analyzed
3v3 RM · 17d ago on Sep 16, 2026· 66m 43s· 6 players
Game mode
Random Map
Map size
Normal (6 player)
Population
200
Speed
Normal
Resources
Standard
Victory
Conquest
Starting age
Dark Age
Ending age
Imperial Age
RankedLock teamsTeams togetherTeam positionsShared explorationLock speedFull tech treeHidden civsTurbo modeCheats
Victory
Defeat
🇧🇷 Persians · Brazil
1538
+13
🇧🇷 Italians · Brazil
1462
+16
🇧🇷 Britons · Brazil
1429
+17
🇨🇦 Persians · Canada
1545
-18
🇫🇷 Britons · France
1473
-16
🇨🇳 Inca · China
1373
-12
[KMNB] Dedão
4:48 Loom
9:17 Feudal Age
10:00 Double-Bit Axe
14:59 Fletching
18:31 Wheelbarrow
18:21 Padded Archer Armor
21:34 Castle Age
19:32 Horse Collar
20:45 Gold Mining
21:37 Crossbowman
22:13 Bodkin Arrow
22:35 Bow Saw
25:01 Ballistics
27:32 Stone Mining
29:10 Leather Archer Armor
29:15 Thumb Ring
29:54 Hand Cart
29:25 Town Watch
33:03 Imperial Age
32:43 Heavy Plow
34:55 Chemistry
34:03 Bracer
34:45 Arbalester
37:05 Ring Archer Armor
36:46 Forging
37:00 Masonry
38:12 Crop Rotation
38:51 Conscription
40:08 Scale Barding Armor
40:38 Iron Casting
41:18 Two-Man Saw
41:26 Bloodlines
41:17 Husbandry
40:38 Light Cavalry
40:58 Elite Genoese Crossbowman
42:25 Chain Barding Armor
43:06 Blast Furnace
45:33 Plate Barding Armor
46:36 Hussar
48:17 Caravan
50:35 Silk Road
53:40 Scale Mail Armor
53:39 Murder Holes
54:14 Architecture
[KMNB] Bandeira
7:09 Loom
10:07 Feudal Age
15:36 Castle Age
13:44 Double-Bit Axe
15:06 Horse Collar
19:04 Husbandry
20:59 Wheelbarrow
22:22 Forging
22:18 Scale Barding Armor
24:19 Gold Mining
27:22 Chain Barding Armor
27:51 Iron Casting
30:36 Stone Mining
32:13 Heavy Plow
32:25 Bow Saw
36:32 Imperial Age
36:08 Cavalier
36:59 Bloodlines
38:57 Plate Barding Armor
39:31 Blast Furnace
38:46 Savar
41:01 Two-Man Saw
41:56 Crop Rotation
42:08 Conscription
48:06 Light Cavalry
48:14 Light Cavalry
48:52 Hussar
51:18 Squires
51:00 Pikeman
51:53 Scale Mail Armor
51:45 Gambesons
52:34 Halberdier
53:48 Chain Mail Armor
56:00 Plate Mail Armor
55:18 Gambesons
[KMNB] Preguiça
6:26 Loom
9:04 Feudal Age
10:07 Double-Bit Axe
13:04 Gold Mining
14:35 Wheelbarrow
18:44 Fletching
21:12 Padded Archer Armor
25:44 Castle Age
23:41 Horse Collar
24:42 Stone Mining
25:47 Crossbowman
26:25 Bodkin Arrow
27:50 Ballistics
30:45 Bow Saw
31:17 Gold Shaft Mining
31:07 Leather Archer Armor
37:54 Hand Cart
41:14 Imperial Age
39:32 Heavy Plow
47:52 Imperial Age
47:16 Elite Skirmisher
48:09 Town Watch
50:19 Bracer
51:32 Chemistry
52:33 Ring Archer Armor
Neorise
10:02 Feudal Age
11:33 Loom
14:55 Castle Age
12:42 Double-Bit Axe
12:57 Horse Collar
15:33 Bow Saw
15:33 Scale Barding Armor
22:41 Heavy Plow
24:14 Wheelbarrow
24:35 Bloodlines
25:31 Forging
26:54 Husbandry
28:20 Gold Mining
28:32 Stone Mining
34:25 Imperial Age
32:34 Chain Barding Armor
33:35 Iron Casting
34:06 Hand Cart
34:01 Cavalier
35:36 Plate Barding Armor
36:21 Crop Rotation
37:08 Blast Furnace
36:55 Savar
39:23 Ballistics
38:59 Murder Holes
39:15 Masonry
40:19 Two-Man Saw
41:58 Architecture
41:45 Padded Archer Armor
43:13 Fletching
43:51 Leather Archer Armor
44:49 Conscription
45:00 Caravan
48:47 Gold Shaft Mining
48:48 Stone Shaft Mining
48:42 Bodkin Arrow
50:49 Ring Archer Armor
51:11 Elite Skirmisher
51:55 Scale Mail Armor
52:09 Thumb Ring
53:06 Town Watch
54:51 Chemistry
53:19 Light Cavalry
61:05 Hoardings
60:50 Hussar
Yupy
6:58 Loom
9:43 Feudal Age
10:20 Double-Bit Axe
10:08 Man-at-Arms
15:25 Fletching
19:48 Wheelbarrow
23:54 Castle Age
22:06 Gold Mining
22:33 Padded Archer Armor
23:59 Crossbowman
24:35 Bodkin Arrow
25:11 Bow Saw
24:42 Horse Collar
25:24 Heavy Plow
26:44 Ballistics
27:49 Stone Mining
37:30 Imperial Age
35:25 Leather Archer Armor
35:56 Hand Cart
38:18 Bracer
39:24 Chemistry
39:03 Conscription
38:38 Town Watch
39:25 Ring Archer Armor
39:06 Forging
38:56 Scale Mail Armor
38:18 Pikeman
38:59 Squires
39:01 Arbalester
40:21 Halberdier
42:09 Chain Mail Armor
42:38 Gold Shaft Mining
43:21 Plate Mail Armor
43:27 Iron Casting
43:35 Masonry
46:33 Blast Furnace
45:56 Caravan
47:11 Yeomen
50:42 Architecture
52:10 Warwolf
58:27 Scale Barding Armor
58:01 Light Cavalry
58:41 Husbandry
59:30 Cavalier
61:03 Siege Engineers
62:32 Chain Barding Armor
64:43 Plate Barding Armor
chase kong
6:50 Loom
8:41 Feudal Age
9:30 Double-Bit Axe
9:26 Horse Collar
12:55 Gold Mining
16:08 Fletching
16:49 Scale Mail Armor
17:41 Padded Archer Armor
21:10 Wheelbarrow
24:42 Castle Age
35:43 Imperial Age
34:54 Bodkin Arrow
35:15 Leather Archer Armor
35:08 Elite Skirmisher
37:11 Town Watch
38:36 Bracer
40:50 Ring Archer Armor
46:37 Ballistics
47:56 Chain Mail Armor
49:27 Pikeman
50:08 Squires
52:52 Conscription
Connection lost

Rejoining the realm…

Still unreachable

The connection could not be restored.

Session expired

The server has moved on; the page needs a fresh start.